 Dungeon Crawl Stone Soup version 0.29.1-14-g9c671dbff4 (webtiles) character file.

Game seed: 4122405744938411220

53 Ast3rio the Trooper (level 3, 0/33 HPs)
             Began as a Hill Orc Fighter on Feb 17, 2023.
             Slain by a goblin
             ... wielding a +0 dagger
             ... led by Robin
              (3 damage)
             ... on level 2 of the Dungeon.
             The game lasted 00:02:03 (1200 turns).

Ast3rio the Trooper (Hill Orc Fighter)              Turns: 1200, Time: 00:02:03

Health: 0/33       AC:  7    Str: 20    XL:     3   Next: 89%
Magic:  3/3        EV:  9    Int:  8    God:
Gold:   51         SH:  4    Dex: 10    Spells: 2/2 levels left

rFire   . . .      SeeInvis .   n - +0 short sword (flame)
rCold   . . .      Faith    .   c - +0 buckler
rNeg    . . .      Spirit   .   b - +0 scale mail
rPois   .          Reflect  .   (no helmet)
rElec   .          Harm     .   (no cloak)
rCorr   .          Rampage  .   (no gloves)
Will    .....                   (no boots)
Stlth   ..........              (no amulet)
HPRegen 0.11/turn               (no ring)
MPRegen 0.08/turn               (no ring)

@: no status effects
A: no striking features
a: no special abilities


You were on level 2 of the Dungeon.
You visited 1 branch of the dungeon, and saw 2 of its levels.

You collected 51 gold pieces.

Inventory:

Hand Weapons
 a - a +0 war axe
 n - a +0 short sword of flaming (weapon)
Armour
 b - a +0 scale mail (worn)
 c - a +0 buckler (worn)
Scrolls
 f - a scroll of enchant weapon {unknown}
 g - 2 scrolls of magic mapping {unknown}
 i - 2 scrolls of identify {unknown}
 k - 2 scrolls of teleportation {unknown}
 l - a scroll of amnesia {unknown}
 m - a scroll of enchant armour {unknown}
Potions
 d - a potion of might
 e - a potion of brilliance {unknown}
 h - a potion of ambrosia {unknown}
 j - a potion of lignification {unknown}
 o - a potion of attraction {unknown}


   Skills:
 + Level 4.1 Fighting
 + Level 4.1 Axes
 + Level 3.8 Armour
 + Level 0.2 Dodging
 + Level 3.4 Shields


You had 2 spell levels left.
You didn't know any spells.
Your spell library was empty.

Dungeon Overview and Level Annotations

Branches:
Dungeon (2/15)

Altars:

Annotations:
D:2 Robin


Message History

Robin roars a battlecry!
The goblins go into a battle-frenzy!
The hobgoblin completely misses you. The goblin hits you with a +0 dagger.
The hobgoblin barely misses you. The goblin hits you but does no damage.
The goblin hits you with a +0 dagger.
You closely miss Robin.
Robin is moderately wounded.
The goblin hits you with a +0 dagger. Robin hits you but does no damage.
The hobgoblin closely misses you.
The hobgoblin hits you but does no damage.
The goblin barely misses you. The goblin hits you but does no damage.
The goblin barely misses you.
You hit Robin. You burn Robin.
Robin is severely wounded.
The goblin hits you but does no damage. Robin throws the goblin at you!
The hobgoblin completely misses you. You block the goblin's attack.
The hobgoblin barely misses you. The goblin hits you with a +0 dagger.
The goblin barely misses you.
You barely miss Robin.
Robin is severely wounded.
You block the goblin's attack. The goblin closely misses you.
The goblin hits you but does no damage. x2; The hobgoblin barely misses you.
The goblin hits you but does no damage. The goblin hits you with a +0 dagger.
You block the goblin's attack. The hobgoblin closely misses you.
The hobgoblin hits you.
* * * LOW HITPOINT WARNING * * *
You hit Robin but do no damage.
Robin is severely wounded.
The goblin barely misses you. The goblin closely misses you.
The hobgoblin hits you.
* * * LOW HITPOINT WARNING * * *
The goblin hits you with a +0 dagger.
* * * LOW HITPOINT WARNING * * *
The hobgoblin barely misses you. You block the hobgoblin's attack.
The goblin hits you with a +0 dagger.
* * * LOW HITPOINT WARNING * * *
You closely miss Robin.
Robin is severely wounded.
The goblin barely misses you. The goblin hits you with a +0 dagger.
You die...

#.......#
#.......# .
#.......# ..
#.......# ...
#.......# ....
#.......#
.....###.......#
....gSggg......#
....grg@g........
.....gggg......##
#.....gg....####
............#
#...#######...
###. .### # .. ##


You could see Robin, an adder, a quokka, 4 hobgoblins and 8 goblins.

Vanquished Creatures
  An adder (D:2)
  3 dart slugs
  5 bats (D:1)
  2 endoplasms (D:1)
  2 giant cockroaches (D:1)
  5 goblins (D:1)
  A hobgoblin (D:1)
  5 kobolds (D:1)
  2 quokkas
  5 ball pythons (D:1)
  A frilled lizard (D:1)
  3 rats (D:1)
35 creatures vanquished.

Notes
Turn   | Place    | Note
-------+----------+-------------------------------------------
     0 | D:1      | Ast3rio the Hill Orc Fighter began the quest for the Orb.
     0 | D:1      | Reached XP level 1. HP: 19/19 MP: 1/1
    62 | D:1      | Reached XP level 2. HP: 9/27 MP: 2/2
   262 | D:1      | Found a faded altar of an unknown god.
   432 | D:1      | Reached XP level 3. HP: 33/33 MP: 3/3
  1185 | D:2      | Noticed Robin
  1200 | D:2      | Slain by a goblin

Illustrated notes

Levels and vault maps discovered:
D:1:      heliophobic_arrival_dark_side_of_the_moon, layout_basic,
          ebering_ecumenical_altar_mist, minmay_curled_crystal
D:2:      layout_basic, uniq_terence, uniq_crazy_yiuf_cottage, uniq_robin

Skill      XL: |  1  2  3 |
---------------+----------+-----
Axes           | 3 4 |  4.1
Fighting       | 4 |  4.1
Armour         | |  3.8
Dodging        | |  0.2
Shields        | |  3.4

Action                   || total
-------------------------++-------
Melee: War axe           ||    67
       Short sword       ||    16
Armor: Scale mail        ||    83
Dodge: Dodged            ||    83
Block: Buckler           ||    29
